 Dungeon Crawl Stone Soup version 0.19.0-20-gbc5f0c6 (webtiles) character file.

4628 Melicamp the Grappler (level 10, -4/88 HPs)
             Began as a Ghoul Monk on Nov 16, 2016.
             Was a High Priest of Cheibriados.
             Killed from afar by an electric eel (14 damage)
             ... with a bolt of electricity
             ... on level 9 of the Dungeon.
             The game lasted 01:04:29 (11301 turns).

Melicamp the Grappler (Ghoul Monk)                 Turns: 11301, Time: 01:04:30

Health: -4/88      AC: 12    Str: 27    XL:     10   Next: 42%
Magic:  12/12      EV: 18    Int: 18    God:    Cheibriados [*****.]
Gold:   526        SH:  0    Dex: 25    Spells: 0 memorised, 9 levels left

rFire  + + .     SeeInvis .       - Unarmed
rCold  + . .     Gourm    .     g - +4 ring mail of Cuusim {rF++}
rNeg   + + +     Faith    .     (no shield)
rPois  ∞         Spirit   .     (no helmet)
rElec  .         Reflect  .     o - +0 cloak
rCorr  .         Harm     .     (no gloves)
MR     .....                    t - +0 pair of boots
Stlth  +++.......               (no amulet)
                                l - ring of stealth
                                i - +2 ring of intelligence

@: rotting, very slow
A: rotting body, claws 1, carnivore 3, cold resistance 1, negative energy
resistance 3, slow regeneration 1, torment resistance, unbreathing
a: Bend Time, Temporal Distortion, Slouch, Step From Time, Renounce Religion


You were on level 9 of the Dungeon.
You worshipped Cheibriados.
Cheibriados was extremely pleased with you.
You were not hungry.

You visited 2 branches of the dungeon, and saw 10 of its levels.

You collected 526 gold pieces.

Inventory:

Armour
 f - a +2 shield
 g - the +4 ring mail of Cuusim (worn) {rF++}
   (You found it on level 5 of the Dungeon)

   It greatly protects you from fire.
 o - a +0 cloak (worn)
 t - a +0 pair of boots (worn)
Jewellery
 e - an uncursed ring of protection from cold
 i - a +2 ring of intelligence (left claw)
 l - a ring of stealth (right claw)
Wands
 p - a wand of confusion (27/48)
 s - a wand of slowing (28/48)
 u - a wand of confusion (26/48)
Scrolls
 h - 8 scrolls of teleportation
 n - 2 scrolls of fear
 q - a scroll of magic mapping
 w - a scroll of amnesia
 x - 3 scrolls of enchant weapon
 y - 4 scrolls of remove curse
 z - 2 scrolls of recharging
Potions
 c - a potion of ambrosia
 d - a potion of agility
 j - 2 potions of might
 k - 4 potions of curing
 r - a potion of flight
 v - a potion of invisibility
 B - 2 potions of lignification
 C - a potion of resistance {unknown}
 D - a potion of magic {unknown}
 G - a potion of berserk rage {unknown}
Comestibles
 a - 3 chunks of flesh
 b - 7 meat rations
 m - 2 royal jellies
 A - a slice of pizza
 E - a beef jerky


   Skills:
 + Level 8.2 Fighting
 - Level 5.0 Armour
 - Level 7.0 Dodging
 - Level 2.1 Stealth
 - Level 10.0 Unarmed Combat
 * Level 4.6 Invocations


You had 9 spell levels left.
You didn't know any spells.

Dungeon Overview and Level Annotations

Branches:
Dungeon (9/15)             Temple (1/1) D:6            Lair (0/6) D:8
    Orc (0/2) D:9

Altars:
Ashenzari
Cheibriados
Dithmenos
Elyvilon
Fedhas
Gozag
Hepliaklqana
Kikubaaqudgha
Makhleb
Nemelex Xobeh
Okawaru
Qazlal
Ru
Sif Muna
Trog
Uskayaw
Vehumet
Xom
Yredelemnul
Zin
The Shining One


Innate Abilities, Weirdness & Mutations

Your body is rotting away.
You thrive on raw meat.
You are immune to poison.
You have sharp fingernails.
You are carnivorous and can eat meat at any time.
Your flesh is cold resistant. (rC+)
You are immune to negative energy. (rN+++)
You regenerate slowly when monsters are visible.
You are immune to unholy pain and torment.
You can survive without breathing.


Message History

The electric eel shoots out a bolt of lightning at you!
The bolt of electricity hits the plant. x2; The bolt of electricity hits you!
The electric eel shoots out a bolt of lightning at you!
The bolt of electricity misses you.
The electric eel shoots out a bolt of lightning at you!
The bolt of electricity misses you.
The bolt of electricity hits the plant.
The electric eel shoots out a bolt of lightning at you!
The bolt of electricity hits you!
The electric eel shoots out a bolt of lightning at you!
The bolt of electricity hits you!
* * * LOW HITPOINT WARNING * * *
The electric eel shoots out a bolt of lightning at you!
The bolt of electricity hits you!
* * * LOW HITPOINT WARNING * * *
The electric eel shoots out a bolt of lightning at you!
The bolt of electricity hits you!
* * * LOW HITPOINT WARNING * * *
The electric eel shoots out a bolt of lightning at you!
The bolt of electricity hits you!
You die...

##♣♣♣♣≈♣....# +>......#
.#≈PPP≈≈≈♣...# #.......#
♣♣≈≈≈≈≈≈≈≈♣...# #.....###
≈≈≈≈≈≈≈≈≈≈≈...# #.....#
≈≈≈≈≈≈≈≈P≈≈≈..##########.....#
≈≈≈≈P≈P≈≈≈P≈≈..............)>#
≈≈≈≈≈≈♣P≈.≈;♣..............).####
≈≈≈≈≈.≈...≈....#.................
................@..############..
.........≈≈≈≈P♣....# ###
...≈..≈≈≈≈P≈♣♣≈#####
.≈≈≈≈≈≈≈≈≈P♣♣### .#♣♣≈≈♣♣≈≈≈♣
♣♣♣♣♣♣♣♣#


You could see an electric eel.

Vanquished Creatures
  A hippogriff (D:8)
  A spriggan (D:7)
  A hungry ghost (D:9)
  A water moccasin (D:6)
  A sky beast (D:5)
  3 orc warriors
  A phantom (D:4)
  A black bear (D:7)
  6 ogres
  5 centaurs
  A big kobold (D:5)
  A crocodile (D:8)
  5 bullfrogs
  A gnoll sergeant (D:8)
  3 scorpions
  2 electric eels (D:9)
  4 howler monkeys
  4 crimson imps
  A centaur zombie (D:5)
  3 orc priests
  3 jellies
  A centaur skeleton (D:4)
  7 hounds
  13 orc wizards
  A gnoll shaman (D:7)
  A bullfrog skeleton (D:5)
  5 worker ants
  5 iguanas
  2 killer bee zombies
  2 hound skeletons
  12 gnolls
  8 adders
  3 shadow imps
  2 oozes
  2 adder zombies
  4 adder skeletons
  2 worms
  7 leopard geckos
  44 orcs
  2 ball pythons
  5 giant cockroaches
  3 goblins
  9 hobgoblins
  14 jackals
  6 quokkas
  7 bats
  17 frilled lizards
  A jackal skeleton (D:5)
  A jackal zombie (D:7)
  9 kobolds
  2 quokka skeletons
  9 rats
  5 bushes (D:5)
  4 plants (D:5)
264 creatures vanquished.

Notes
Turn   | Place    | Note
-------+----------+-------------------------------------------
     0 | D:1      | Melicamp the Ghoul Monk began the quest for the Orb.
     0 | D:1      | Reached XP level 1. HP: 19/19 MP: 0/0
    52 | D:1      | Reached XP level 2. HP: 26/26 MP: 1/1
   400 | D:1      | Reached XP level 3. HP: 25/33 MP: 2/2
   637 | D:1      | Reached skill level 4 in Unarmed Combat
  1483 | D:2      | You fall through a shaft for 2 floors!
  1483 | D:4      | Noticed a scorpion
  1513 | D:4      | Reached XP level 4. HP: 13/41 MP: 3/3
  1529 | D:4      | Reached skill level 5 in Unarmed Combat
  1529 | D:4      | Reached XP level 5. HP: 9/47 MP: 4/4
  1798 | D:4      | Noticed a centaur
  1820 | D:4      | Killed a centaur
  1820 | D:4      | Reached skill level 5 in Fighting
  2213 | D:3      | Found a sacrificial altar of Ru.
  2510 | D:3      | Reached XP level 6. HP: 56/56 MP: 5/5
  2553 | D:3      | Reached skill level 6 in Unarmed Combat
  2912 | D:3      | Found a shattered altar of Ashenzari.
  2913 | D:3      | Found an iron altar of Okawaru.
  2914 | D:3      | Found a burning altar of Makhleb.
  2916 | D:3      | Found a basalt altar of Yredelemnul.
  2921 | D:3      | Found an ancient bone altar of Kikubaaqudgha.
  3899 | D:4      | Reached skill level 7 in Unarmed Combat
  4162 | D:4      | Reached XP level 7. HP: 61/61 MP: 6/6
  4402 | D:4      | Reached skill level 8 in Unarmed Combat
  4923 | D:4      | Reached skill level 9 in Unarmed Combat
  4999 | D:4      | Reached XP level 8. HP: 67/68 MP: 7/7
  5593 | D:5      | Entered Level 5 of the Dungeon
  5706 | D:5      | Reached skill level 1 in Armour
  6360 | D:5      | Reached skill level 10 in Unarmed Combat
  6554 | D:5      | Got a translucent ring mail
  6565 | D:5      | Identified the +4 ring mail of Cuusim {rF++} (You found it on level 5 of the Dungeon)
  7625 | D:6      | Identified a +3 rod of inaccuracy (12/12) (You found it on level 6 of the Dungeon)
  7706 | D:6      | Reached XP level 9. HP: 73/74 MP: 8/8
  7722 | D:6      | Found a staircase to the Ecumenical Temple.
  7769 | Temple   | Entered the Ecumenical Temple
  7987 | Temple   | Became a worshipper of Cheibriados the Contemplative
  7987 | Temple   | Reached * piety under Cheibriados
  7987 | Temple   | Reached ** piety under Cheibriados
  8153 | D:6      | Reached skill level 5 in Armour
  8519 | D:6      | Reached skill level 1 in Invocations
  8623 | D:7      | Reached skill level 5 in Dodging
  8632 | D:7      | Reached *** piety under Cheibriados
  8984 | D:7      | Found a burning altar of Makhleb.
  9645 | D:8      | Reached **** piety under Cheibriados
  9645 | D:8      | Reached XP level 10. HP: 66/84 MP: 11/11
  9952 | D:8      | Found a staircase to the Lair.
 10147 | D:8      | Found an opulent altar of Gozag.
 10434 | D:9      | Found a white marble altar of Elyvilon.
 10623 | D:9      | Found a staircase to the Orcish Mines.
 11186 | D:9      | Reached ***** piety under Cheibriados
 11301 | D:9      | Killed from afar by an electric eel

Skill      XL: |  1  2  3  4  5  6  7  8  9 10 |
---------------+-------------------------------+-----
Fighting       | 4 5 6 8 |  8.2
Unarmed Combat | 4 5 7 9 10 | 10.0
Armour         | 4 5 |  5.0
Dodging        | 4 6 7 |  7.0
Invocations    | 3 4 |  4.6
Stealth        | |  2.1

Action                   |  1- 3 |  4- 6 |  7- 9 | 10-12 || total
-------------------------+-------+-------+-------+-------++-------
Melee: Unarmed           |   146 |   148 |   687 |   136 ||  1117
       Punch             |     2 |     2 |    32 |    12 ||    48
Evoke: Wand              |       |       |     2 |       ||     2
  Use: Scroll            |     5 |     7 |     7 |     2 ||    21
       Potion            |       |     1 |       |     1 ||     2
 Stab: Sleeping          |     2 |     2 |     3 |     2 ||     9
       Distracted        |       |       |     2 |       ||     2
  Eat: Chunk             |    10 |     8 |    16 |     6 ||    40
Armor: Robe              |    15 |       |       |       ||    15
       Ring mail         |     8 |    38 |   124 |    33 ||   203
       Leather armour    |       |       |     5 |       ||     5
Dodge: Dodged            |   112 |    78 |   294 |   115 ||   599
